 Dungeon Crawl Stone Soup version 0.19-a0-1068-g99dd0f4 (webtiles) character file.

280 Ijustatesigmund the Skirmisher (level 6, -2/49 HPs)
             Began as a Demonspawn Fighter on Aug 4, 2016.
             Slain by an ogre
             ... wielding a +0 giant spiked club
              (6 damage)
             ... on level 4 of the Dungeon.
             The game lasted 00:07:20 (2405 turns).

Ijustatesigmund the Skirmisher (Demonspawn Fighter) Turns: 2405, Time: 00:07:21

Health: -2/49      AC: 13    Str: 17    XL:     6   Next: 5%
Magic:  0/6        EV:  5    Int:  9    God:
Gold:   115        SH: 12    Dex: 14    Spells: 0 memorised, 5 levels left

rFire  . . .     SeeInvis .     a - +0 flail
rCold  . . .     Gourm    .     g - +0 chain mail
rNeg   . . .     Faith    .     c - +1 shield
rPois  .         Spirit   +     (no helmet)
rElec  .         Dismiss  .     m - +1 cloak
rCorr  +         Reflect  .     (no gloves)
SustAt .         Harm     .     (no boots)
MR     .....                    (no amulet)
Stlth  ..........               p - ring of stealth
                                b - ring of resist corrosion

@: flying
A: talons 2, large bone plates 1, magic shield
a: no special abilities


You were on level 4 of the Dungeon.
You were hungry.

You visited 1 branch of the dungeon, and saw 4 of its levels.

You collected 115 gold pieces.

Inventory:

Hand Weapons
 a - a +0 flail (weapon)
Armour
 c - a +1 shield (worn)
 g - a +0 chain mail (worn)
 m - a +1 cloak (worn)
Jewellery
 b - a ring of resist corrosion (left hand)
 d - an uncursed ring of sustain attributes
 p - a ring of stealth (right hand)
Scrolls
 h - a scroll of remove curse
 o - a scroll of identify
Potions
 e - 3 potions of lignification
 i - a potion of curing
 k - a potion of flight
 n - a potion of haste {unknown}
Comestibles
 f - 2 bread rations
 j - 3 meat rations
 l - 2 beef jerkies


   Skills:
 + Level 4.3 Fighting
 * Level 4.3 Maces & Flails
 - Level 3.3 Armour
 + Level 1.0 Dodging
 - Level 2.6 Shields


You had 5 spell levels left.
You didn't know any spells.

Dungeon Overview and Level Annotations

Branches:
Dungeon (4/15)
 Temple: D:4-7

Altars:
Elyvilon
Makhleb
Okawaru
Pakellas
Trog
Uskayaw
Xom
Yredelemnul
Zin


Innate Abilities, Weirdness & Mutations

You have razor-sharp toenails.
You are partially covered in large bone plates. (AC +2, SH +2)
When hurt, damage is shared between your health and your magic reserves.


Message History

It was a potion of curing.
You feel better.
You hit the ogre. You claw the ogre, but do no damage.
The ogre is lightly wounded.
You block the ogre's attack.
You hit the ogre. Your kick misses the ogre.
The ogre is lightly wounded.
The angel stares off into space for a moment.
You block the ogre's attack.
You closely miss the ogre. You claw the ogre.
The ogre is lightly wounded.
The ogre hits you with a giant spiked club!!
* * * LOW HITPOINT WARNING * * *
The angel rambles incoherently.
You hit the ogre. You claw the ogre.
The ogre is heavily wounded.
You block the ogre's attack.
You barely miss the ogre. Your kick misses the ogre.
The ogre is heavily wounded.
The ogre hits you with a giant spiked club.
You die...

#.......#.........
#.##.._.#(.###.##.
#.#..........# #
#.#.....#......
#.#....##.......
#.##...........#
#......###.#####
####.### # #@#
#####O#
#....(###...
#............
#............
#.†#####.....
#..#...#.....
#._#..A#_.###
#..#...#..#


You could see an angel (confused) and an ogre.

Vanquished Creatures
  A howler monkey (D:4)
  A worker ant (D:4)
  8 adders
  8 oozes
  5 worms
  A dart slug (D:1)
  2 giant geckos
  An orc (D:3)
  10 giant cockroaches
  6 goblins
  10 hobgoblins
  6 jackals
  8 kobolds
  A quokka (D:2)
  2 ball pythons
  6 bats
  7 giant newts
  16 rats
99 creatures vanquished.

Notes
Turn   | Place    | Note
-------+----------+-------------------------------------------
     0 | D:1      | Ijustatesigmund the Demonspawn Fighter began the quest for the Orb.
     0 | D:1      | Reached XP level 1. HP: 18/18 MP: 1/1
     1 | D:1      | Found a runed door.
   135 | D:1      | Gained mutation: When hurt, damage is shared between your health and your magic reserves. [demonic ancestry]
   135 | D:1      | Reached XP level 2. HP: 16/24 MP: 2/2
   772 | D:1      | Gained mutation: You are partially covered in large bone plates. (AC +2, SH +2) [demonic ancestry]
   772 | D:1      | Reached XP level 3. HP: 29/29 MP: 3/3
  1051 | D:1      | Gained mutation: You have sharp toenails. [demonic ancestry]
  1051 | D:1      | Reached XP level 4. HP: 37/37 MP: 4/4
  1393 | D:2      | Gained mutation: You have razor-sharp toenails. [demonic ancestry]
  1393 | D:2      | Reached XP level 5. HP: 42/42 MP: 5/5
  1522 | D:3      | Found a burning altar of Makhleb.
  2045 | D:3      | Found a basalt altar of Yredelemnul.
  2157 | D:3      | Found an oddly glowing altar of Pakellas.
  2190 | D:3      | Found a hide-covered altar of Uskayaw.
  2190 | D:3      | Found an iron altar of Okawaru.
  2293 | D:3      | Found a white marble altar of Elyvilon.
  2367 | D:4      | Found a bloodstained altar of Trog.
  2384 | D:4      | Noticed an angel
  2385 | D:4      | Found a glowing silver altar of Zin.
  2385 | D:4      | Found a shimmering altar of Xom.
  2389 | D:4      | Noticed an ogre
  2394 | D:4      | Reached skill level 1 in Dodging
  2394 | D:4      | Reached XP level 6. HP: 30/49 MP: 4/6
  2405 | D:4      | Slain by an ogre

Vault maps used:
D:1:      dpeg_arrival_caged_fury
D:2:      corner_web_ring
D:3:      nicolae_overflow_crystal_walls, grunt_pakellas_salt,
          gammafunk_temple_overflow_statue, kennysheep_ying_yang, first_bread
D:4:      grunt_temple_overflow_order_and_chaos_1, lemuel_doored_altar,
          grunt_qazlal_clouds, serial_shops, nicolae_shop_crystal, shop,
          kennysheep_little_box, bloody_trog, uniq_edmund, uniq_eustachio

Skill      XL: |  1  2  3  4  5 |
---------------+----------------+-----
Maces & Flails | 2 3 4 |  4.3
Armour         | 3 |  3.3
Fighting       | 4 |  4.3
Dodging        | 1 |  1.0
Shields        | |  2.6

Action                   |  1- 3 |  4- 6 || total
-------------------------+-------+-------++-------
Melee: Flail             |   143 |   217 ||   360
       Kick              |       |    47 ||    47
  Use: Scroll            |     6 |     2 ||     8
       Potion            |     1 |     2 ||     3
  Eat: Chunk             |     1 |     4 ||     5
Armor: Scale mail        |    52 |       ||    52
       Chain mail        |    65 |   122 ||   187
Dodge: Dodged            |    40 |    34 ||    74
Block: Shield            |   103 |   175 ||   278
